 Dungeon Crawl Stone Soup version 0.30-a0-118-ga018f8e90f (webtiles) character file.

Game seed: 10476674286497101222

1463 Newt the Trooper (level 8, -2/64 HPs)
             Began as a Demonspawn Gladiator on Sept 13, 2022.
             Was an Initiate of Wu Jian.
             Killed by divine providence
             ... invoked by an orc priest
              (15 damage)
             ... on level 5 of the Dungeon.
             The game lasted 00:06:57 (4563 turns).

Newt the Trooper (Demonspawn Gladiator)             Turns: 4563, Time: 00:06:58

Health: -2/64      AC:  4    Str: 15    XL:     8   Next: 48%
Magic:  8/8        EV: 14    Int: 13    God:    Wu Jian [......]
Gold:   116        SH:  0    Dex: 23    Spells: 7/7 levels left

rFire   . . .      SeeInvis .    o - +4 flail "Ohe Uth" {speed, Will+ Int+4}
rCold   + . .      Faith    +    (no shield)
rNeg    . . .      Spirit   .    y - +1 ring mail of the Forgotten Knives {rPois rC+}
rPois   +          Reflect  .    c - +1 helmet
rElec   .          Harm     .    (no cloak)
rCorr   .          Rampage  .    n - +0 pair of gloves
Will    +....                    (no boots)
Stlth   ++........               D - amulet of faith
HPRegen 0.20/turn                j - +6 ring of dexterity
MPRegen 0.11/turn                u - ring of poison resistance

@: corroded
A: hooves 2, thin metallic scales 1, powered by death 1
a: Renounce Religion


You were on level 5 of the Dungeon.
You worshipped Wu Jian.
Wu Jian was noncommittal.
You visited 1 branch of the dungeon, and saw 5 of its levels.

You collected 181 gold pieces.
You spent 65 gold pieces at shops.

Inventory:

Hand Weapons
 a - a +0 rapier of freezing
 m - a +1 dagger of venom
 o - the +4 flail "Ohe Uth" (weapon) {speed, Will+ Int+4}
   (You found it on level 2 of the Dungeon)

   Attacks with this weapon are significantly faster.
   Int:       It affects your intelligence (+4).
   Will:      It increases your willpower.
 w - a +0 whip of electrocution
Missiles
 d - 3 throwing nets (quivered)
 e - a javelin
Armour
 b - a +0 leather armour
 c - a +1 helmet (worn)
 g - a +2 robe of willpower
 n - a +0 pair of gloves (worn)
 y - the +1 ring mail of the Forgotten Knives (worn) {rPois rC+}
   (You found it on level 4 of the Dungeon)

   rC:        It protects you from cold.
   rPois:     It protects you from poison.
Jewellery
 j - a +6 ring of dexterity (left hand)
 p - a ring of willpower
 r - an amulet of magic regeneration
 u - a ring of poison resistance (right hand)
 D - an amulet of faith (around neck)
Wands
 q - a wand of mindburst (7)
 C - a wand of flame (12)
Scrolls
 f - a scroll of teleportation
 t - a scroll of noise {unknown}
 A - a scroll of amnesia
 E - a scroll of immolation {unknown}
Potions
 h - a potion of heal wounds
 i - 2 potions of curing {unknown}
 k - a potion of cancellation
 l - 2 potions of flight {unknown}
 s - a potion of degeneration {unknown}
 v - a potion of resistance {unknown}
 x - a potion of mutation {unknown}
 z - 2 potions of attraction {unknown}
 B - a potion of brilliance {unknown}


   Skills:
 - Level 6.0 Fighting
 - Level 2.6 Short Blades
 - Level 5.0 Maces & Flails
 - Level 1.7 Throwing
 + Level 3.9 Armour
 - Level 5.0 Dodging
 - Level 2.0 Stealth


You had 7 spell levels left.
You didn't know any spells.
Your spell library contained the following spells:

 Spells                   Type           Power      Damage    Failure   Level
 Apportation              Tloc           0%         N/A       50%         1
 Necrotise                Necr           0%         1d4       50%         1
 Sting                    Tmut/Pois      0%         1d3       50%         1
 Summon Small Mammal      Summ           0%         N/A       50%         1
 Cigotuvi's Dreadful Rot  Necr/Pois/Air  0%         N/A       65%         2
 Ensorcelled Hibernation  Hex/Ice        0%         N/A       65%         2
 Passwall                 Tmut/Erth      0%         N/A       65%         2
 Poisonous Vapours        Pois/Air       0%         N/A       65%         2
 Sublimation of Blood     Necr           0%         N/A       65%         2
 Wereblood                Tmut           0%         N/A       65%         2
 Kindle Blastsparks       Fire/Tloc/Air  0%         2d10      86%         3
 Swiftness                Air            0%         N/A       86%         3
 Fulminant Prism          Conj/Hex       0%         3d6       99%         4
 Iskenderun's Mystic Bla  Conj/Tloc      0%         2d3       99%         4
 Olgreb's Toxic Radiance  Pois           0%         N/A       99%         4
 Lee's Rapid Deconstruct  Erth           0%         3d5*      100%        5
 Summon Hydra             Summ           0%         N/A       100%        7


Dungeon Overview and Level Annotations

Branches:
Dungeon (5/15)
 Temple: D:4-7

Altars:
Fedhas
Kikubaaqudgha
Sif Muna
Wu Jian

Shops:
D:3 (   D:4 (*(![


Innate Abilities, Weirdness & Mutations

You have hoof-like feet.
You are partially covered in thin metallic scales. (AC +2)
You regenerate a little health from kills.


Message History

Unknown command.
You hit the orc.
You kill the orc!
The Council accepts your kill. The orc misses you.
The orc wizard points at you and mumbles some strange words.
The puff of flame hits you.
Unknown command.
You closely miss the orc priest. You kick the orc priest.
The orc priest is lightly wounded.
The orc barely misses you.
The orc wizard gestures wildly while chanting.
The orc wizard flickers and vanishes!
Deactivating autopickup; reactivate with Ctrl-A.
The orc priest hits you but does no damage.
You hit the orc priest but do no damage.
You kick the orc priest, but do no damage.
The orc priest is lightly wounded.
The orc barely misses you.
You hear some strange, mumbled words.
A puff of flame appears from out of thin air!
The puff of flame hits you!
The orc priest mumbles some strange prayers to Beogh against you.
Pain shoots through your body!
* * * LOW HITPOINT WARNING * * *
You hit the orc priest. You kick the orc priest.
The orc priest is severely wounded.
Unknown command.
You closely miss the orc priest. You kick the orc priest.
The orc priest is almost dead.
The orc hits you but does no damage. Something barely misses you.
The orc priest hits you with a +0 club.
* * * LOW HITPOINT WARNING * * *
Unknown command.
You barely miss the orc priest.
The orc priest is almost dead.
The orc barely misses you. Something barely misses you.
The orc priest mumbles some strange prayers to Beogh against you.
Beogh smites you!
You die...

#.... .........# #####....
###........# #........
#......... ..#........
#........ .......##..
....... #.......#..
####.... .............
#....oo# ............†.
#....{@#.....#.....##.#
#..#...#........... ###
#.#.........#..#.. .#
#.:........## .......
#.†........# ...#.#.. #
##<.#.............####
##.###..$##.....#........##
#....#..........# .......
#...............# #.....


You could see an orc priest and an orc.

Vanquished Creatures
  Sigmund (D:4)
  A water moccasin (D:5)
  4 phantoms
  Blork the orc (D:4)
  4 scorpions
  3 jellies
  Ijyb (D:4)
  Jessica (D:2)
  4 iguanas
  Natasha (twice) (D:2)
  3 orc wizards
  11 adders
  4 gnolls (D:5)
  An ufetubus (D:4)
  A worm (D:3)
  A dart slug (D:2)
  10 orcs
  5 ball pythons
  8 endoplasms
  3 giant cockroaches
  9 goblins
  3 hobgoblins
  4 quokkas
  3 bats
  2 frilled lizards
  6 kobolds
  3 rats
99 creatures vanquished.

Notes
Turn   | Place    | Note
-------+----------+-------------------------------------------
     0 | D:1      | Newt the Demonspawn Gladiator began the quest for the Orb.
     0 | D:1      | Reached XP level 1. HP: 16/16 MP: 1/1
   104 | D:1      | Reached skill level 1 in Stealth
   398 | D:1      | Gained mutation: You have large cloven feet. [demonic
                  | ancestry]
   398 | D:1      | Reached XP level 2. HP: 22/22 MP: 2/2
   818 | D:2      | Noticed Jessica
   829 | D:2      | Killed Jessica
   830 | D:2      | Reached skill level 3 in Fighting
   830 | D:2      | Gained mutation: You have hoof-like feet. [demonic
                  | ancestry]
   830 | D:2      | Reached XP level 3. HP: 27/29 MP: 3/3
   933 | D:2      | Noticed Natasha
  1191 | D:2      | Killed Natasha
  1192 | D:2      | Reached XP level 4. HP: 9/37 MP: 4/4
  1446 | D:2      | Identified the +4 flail "Ohe Uth" {speed, Will+ Int+4}
  1456 | D:2      | Reached skill level 4 in Fighting
  1542 | D:2      | Noticed Natasha
  1550 | D:2      | Killed Natasha
  1551 | D:2      | Reached skill level 1 in Maces & Flails
  2015 | D:3      | Reached XP level 5. HP: 39/42 MP: 5/5
  2273 | D:3      | Found a shimmering blue altar of Sif Muna.
  2439 | D:3      | Found Ecop's Weapon Shoppe.
  2557 | D:3      | Found a faded altar of an unknown god.
  2816 | D:4      | Found Besent's Weapon Emporium.
  2861 | D:4      | Gained mutation: You are partially covered in thin metallic
                  | scales. (AC +2) [demonic ancestry]
  2861 | D:4      | Reached XP level 6. HP: 43/48 MP: 6/6
  2904 | D:4      | Found Joopni Gau's General Store.
  2918 | D:4      | Bought a potion of heal wounds for 65 gold pieces
  2996 | D:4      | Found a blossoming altar of Fedhas.
  2996 | D:4      | Noticed Ijyb
  3015 | D:4      | Killed Ijyb
  3016 | D:4      | Reached skill level 5 in Maces & Flails
  3215 | D:4      | Found Cadoav's Antique Armour Shoppe.
  3221 | D:4      | Found Bawkoss's Distillery.
  3259 | D:4      | Identified the +1 ring mail of the Forgotten Knives {rPois
                  | rC+}
  3263 | D:4      | Gained mutation: You regenerate a little health from kills.
                  | [demonic ancestry]
  3263 | D:4      | Reached XP level 7. HP: 54/54 MP: 7/7
  3326 | D:4      | Found Xitekhuw's Weapon Boutique.
  3536 | D:4      | Noticed Blork the orc
  3542 | D:4      | Killed Blork the orc
  3543 | D:4      | Reached skill level 5 in Dodging
  3551 | D:4      | Noticed Sigmund
  3882 | D:4      | Killed Sigmund
  3883 | D:4      | Reached skill level 5 in Fighting
  4081 | D:5      | Entered Level 5 of the Dungeon
  4108 | D:5      | Reached XP level 8. HP: 57/64 MP: 8/8
  4125 | D:5      | Reached skill level 6 in Fighting
  4299 | D:5      | Reached skill level 1 in Armour
  4403 | D:5      | Found an ornate altar of the Wu Jian Council.
  4438 | D:5      | Became a worshipper of the Wu Jian Council
  4481 | D:5      | Found an ancient bone altar of Kikubaaqudgha.
  4563 | D:5      | Killed from afar by an orc priest

Illustrated notes

Levels and vault maps discovered:
D:1:      heliophobic_arrival_glass_houses, layout_basic
D:2:      layout_basic, uniq_natasha, uniq_jessica
D:3:      layout_rooms, kennysheep_orc_sif_temple,
          ebering_ecumenical_altar_sacrificial, serial_shops, nicolae_shop_trees
D:4:      layout_basic, mainiacjoe_overflow_paths, mainiacjoe_overflow_alcove_4,
          serial_shops, nicolae_shop_crystal, shop, shop_statue, shop,
          shop_statue, kennysheep_generic_room_11, uniq_ijyb, uniq_sigmund,
          uniq_blork_the_orc
D:5:      layout_cave_pools, kennysheep_little_box,
          mainiacjoe_overflow_concentric_impassable, minmay_misc_feat_cross

Skill      XL: |  1  2  3  4  5  6  7  8 |
---------------+-------------------------+-----
Stealth        | 1 2 |  2.0
Fighting       | 3 4 5 6 |  6.0
Maces & Flails | 2 3 5 |  5.0
Dodging        | 3 5 |  5.0
Armour         | 3 |  3.9
Short Blades   | |  2.6
Throwing       | |  1.7

Action                   |  1- 3 |  4- 6 |  7- 9 || total
-------------------------+-------+-------+-------++-------
Melee: Rapier            |    32 |       |       ||    32
       Punch             |     2 |       |       ||     2
       Kick              |     7 |    33 |    45 ||    85
       Dagger            |    21 |     3 |       ||    24
       Flail             |       |   134 |   105 ||   239
Evoke: Wand              |       |       |     3 ||     3
  Use: Scroll            |       |     4 |     4 ||     8
       Potion            |       |       |     1 ||     1
 Stab: Sleeping          |     1 |     7 |     1 ||     9
Armor: Leather armour    |     5 |       |       ||     5
       Robe              |     8 |    36 |     2 ||    46
       Ring mail         |       |       |    27 ||    27
Dodge: Dodged            |    27 |    61 |    43 ||   131

Table legend: (Time is in decaauts)
 A = Elapsed time spent in this place.
 B = Non-inter-level travel time spent in this place.
 C = Inter-level travel time spent in this place.
 D = Time resting spent in this place.
 E = Time spent auto-exploring this place.
 F = Levels seen in this place.
 G = Mean time per level.
                   A        B        C        D        E       F      G
               +--------+--------+--------+--------+--------+-----+--------+
         Total |   4510 |   4306 |    204 |    650 |   2902 |   5 |  902.0 |
       Dungeon |   4510 |   4306 |    204 |    650 |   2902 |   5 |  902.0 |
               +--------+--------+--------+--------+--------+-----+--------+

Top non-repeatable levels by time:
     D:3: 1096 daAuts
     D:1: 990 daAuts
     D:2: 984 daAuts
     D:4: 975 daAuts
     D:5: 463 daAuts
